 Dungeon Crawl Stone Soup version 0.29.1 (webtiles) character file.

Game seed: 11831447901357412354

781 qw the Cleaver (level 7, -4/60 (61) HPs)
             Began as a Minotaur Berserker on Sept 13, 2022.
             Was a Priest of Trog.
             Slain by an orc warrior
             ... wielding a +0 scimitar
              (13 damage)
             ... on level 5 of the Dungeon.
             The game lasted 00:01:19 (4430 turns).

qw the Cleaver (Minotaur Berserker)                 Turns: 4430, Time: 00:01:19

HP:   -4/60 (61)    AC: 12    Str: 26    XL:     7   Next: 55%
MP:   6/6           EV:  9    Int:  4    God:    Trog [***...]
Gold: 235           SH:  0    Dex:  9    Spells: 6/6 levels left

rFire   . . .      SeeInvis +   Y - +0 war axe
rCold   + . .      Faith    .   (no shield)
rNeg    . . .      Spirit   .   m - +0 chain mail
rPois   .          Reflect  .   (helmet restricted)
rElec   .          Harm     .   (no cloak)
rCorr   .          Rampage  .   b - +2 pair of gloves of the Amoeba {Str+2 SInv}
Will    .....                   (no boots)
Stlth   ..........              (no amulet)
HPRegen 0.20/turn               d - ring of protection from cold
MPRegen 0.10/turn               (no ring)

@: on berserk cooldown, slowed, lightly drained, very slow
A: horns 2, retaliatory headbutt
a: Renounce Religion, Berserk, Trog's Hand


You were on level 5 of the Dungeon.
You worshipped Trog.
Trog was most pleased with you.
You visited 1 branch of the dungeon, and saw 5 of its levels.

You collected 235 gold pieces.


Innate Abilities, Weirdness & Mutations

You have a pair of horns on your head.
You reflexively headbutt those who attack you in melee.


   Skills:
 - Level 5.2 Fighting
 + Level 9.9 Axes
 - Level 3.3 Armour
 - Level 2.1 Dodging


You had 6 spell levels left.
You didn't know any spells.
Your spell library was empty.

Inventory:

Hand Weapons
 l - a +0 flail
 Y - a +0 war axe (weapon)
Armour
 b - the +2 pair of gloves of the Amoeba (worn) {Str+2 SInv}
   (You acquired it on level 2 of the Dungeon)

   Str:       It affects your strength (+2).
   SInv:      It lets you see invisible.
 m - a +0 chain mail (worn)
 o - a +2 pair of gloves
Jewellery
 d - a ring of protection from cold (left hand)
 k - a ring of fire
Scrolls
 h - a scroll of identify
 n - a scroll of amnesia {unknown}
Potions
 a - a potion of haste
 c - a potion of berserk rage {unknown}
 e - a potion of mutation {unknown}
 f - a potion of ambrosia {unknown}
 g - a potion of brilliance {unknown}
 j - a potion of might {unknown}

Dungeon Overview and Level Annotations

Branches:
Dungeon (5/15)
 Temple: D:4-7

Altars:
Gozag
Zin


Message History

You closely miss the orc.
You hit the orc wizard but do no damage.
You hit the orc warrior. The orc warrior closely misses you.
You furiously retaliate!
You headbutt the orc warrior, but do no damage.
The orc barely misses you.
The orc wizard hits you but does no damage.
You feel drained.
You barely miss the orc wizard.
The orc wizard is heavily wounded.
You barely miss the orc warrior. You hit the orc.
You kill the orc!
Trog accepts your kill. The orc warrior closely misses you.
The orc wizard gestures at you while chanting.
The puff of flame hits you.
The orc wizard hits you but does no damage.
You feel drained.
The orc warrior hits you with a +0 scimitar!
4427 ||| DRINKING potion of heal wounds.
You feel much better.
The orc warrior hits you with a +0 scimitar!
The orc wizard casts a spell at you. The puff of flame hits you!
You slash the orc wizard!
You kill the orc wizard!
Trog accepts your kill.
Trog appreciates your killing of a magic user.
You slash the orc warrior! The orc warrior barely misses you.
The orc warrior hits you but does no damage.
You barely miss the orc warrior.
You headbutt the orc warrior, but do no damage.
The orc warrior is heavily wounded.
The orc warrior hits you with a +0 scimitar!
You closely miss the orc warrior.
You headbutt the orc warrior, but do no damage.
The orc warrior is heavily wounded.
The orc warrior hits you with a +0 scimitar!
You die...

......... ......
.........##..... .#....
.................# #....
.................# #....
.##.............## .##
##... ..#..............#
..# #...
.................###...
#..#............)).#.##
..##............@o....##.
.......##.......))......#
#...##....####.....##..##
.....#.#.......##...# .>.
...........###.##........
.......##...#..##.......#
........##..#.###.......#
##............ #..#...##
#.#......#....# #..##.##


You could see an orc warrior.

Vanquished Creatures
  An ice beast (D:5)
  2 ogres (D:5)
  A phantom (D:5)
  4 orc priests
  3 hounds
  An iguana (D:5)
  3 orc wizards (D:5)
  Ijyb (D:5)
  2 adders
  2 worms (D:3)
  2 dart slugs
  16 orcs
  5 bats
  4 endoplasms
  4 giant cockroaches
  2 goblins
  9 hobgoblins
  13 jackals
  2 quokkas
  6 ball pythons
  4 frilled lizards
  4 kobolds
  5 rats
96 creatures vanquished.

Notes
Turn   | Place    | Note
-------+----------+-------------------------------------------
     0 | D:1      | qw the Minotaur Berserker began the quest for the Orb.
     0 | D:1      | Reached XP level 1. HP: 19/19 MP: 0/0
     0 | D:1      | 0 ||| qw: Version: 0.1-a-119-g272c26d
     0 | D:1      | 0 ||| qw: Game counter: 11243
     0 | D:1      | 0 ||| qw: Always use a shield: true
     0 | D:1      | 0 ||| qw: Do Orc after D:15 true
     0 | D:1      | 0 ||| qw: Do second Lair branch before Depths: true
     0 | D:1      | 0 ||| qw: Lair rune preference: random
     0 | D:1      | 0 ||| qw: Plans: Normal
     0 | D:1      | 0 ||| PLANNING D:1-11
   119 | D:1      | Reached skill level 4 in Axes
   354 | D:1      | Found a faded altar of an unknown god.
   419 | D:1      | Reached XP level 2. HP: 26/26 MP: 1/1
   947 | D:1      | 947 ||| UPGRADING to +0 ring mail.
   957 | D:1      | 957 ||| DROPPING +0 animal skin.
   958 | D:1      | 958 ||| UPGRADING to ring of protection from cold.
   959 | D:1      | 959 ||| READING scroll labelled BIXZUCL XIGA.
   960 | D:1      | 960 ||| READING scroll labelled CYDGHU FUV OCSU.
  1131 | D:2      | 1131 ||| Stepping ~*~*~tactically~*~*~ (stealth).
  1134 | D:2      | 1134 ||| Stepping ~*~*~tactically~*~*~ (stealth).
  1176 | D:2      | 1176 ||| Stepping ~*~*~tactically~*~*~ (stealth).
  1181 | D:2      | Reached skill level 5 in Axes
  1181 | D:2      | 1181 ||| INVOKING Berserk.
  1183 | D:2      | Reached XP level 3. HP: 22/31 MP: 2/2
  1185 | D:2      | Reached ** piety under Trog
  1351 | D:2      | 1351 ||| SWAPPING to +0 war axe.
  1352 | D:2      | 1352 ||| DROPPING +0 hand axe.
  1393 | D:2      | 1393 ||| Stepping ~*~*~tactically~*~*~ (stealth).
  1394 | D:2      | 1394 ||| Stepping ~*~*~tactically~*~*~ (stealth).
  1407 | D:2      | 1407 ||| Stepping ~*~*~tactically~*~*~ (stealth).
  1408 | D:2      | 1408 ||| Stepping ~*~*~tactically~*~*~ (stealth).
  1466 | D:2      | 1466 ||| Stepping ~*~*~tactically~*~*~ (stealth).
  1478 | D:2      | Reached XP level 4. HP: 39/39 MP: 3/3
  1511 | D:2      | Reached skill level 6 in Axes
  1834 | D:2      | 1834 ||| READING scroll labelled OLYING OBOIH.
  1834 | D:2      | Identified a scroll of acquirement
  1834 | D:2      | 1834 ||| ACQUIRING +2 pair of gloves of the Amoeba {Str+2
                  | SInv}
  1834 | D:2      | Acquired the +2 pair of gloves of the Amoeba {Str+2 SInv}
  1836 | D:2      | 1836 ||| UPGRADING to +2 pair of gloves of the Amoeba
                  | {Str+2 SInv}.
  1852 | D:3      | 1852 ||| STAIRDANCE
  1857 | D:3      | 1857 ||| STAIRDANCE
  1880 | D:3      | Identified the +11 sling of Rihoenuv {venom, rCorr Str+2
                  | Int+2 Stlth-}
  1953 | D:3      | 1953 ||| INVOKING Berserk.
  1964 | D:3      | Reached XP level 5. HP: 19/45 MP: 4/4
  2004 | D:3      | 2004 ||| FLEEEEING.
  2005 | D:3      | 2005 ||| FLEEEEING.
  2009 | D:3      | 2009 ||| STAIRDANCE
  2168 | D:2      | 2168 ||| UPGRADING to +0 chain mail.
  2178 | D:2      | 2178 ||| DROPPING +0 ring mail.
  2179 | D:2      | 2179 ||| READING scroll labelled JUHOGE PIKU.
  2180 | D:2      | 2180 ||| READING scroll labelled TACHAF REDGHO.
  2197 | D:3      | Reached skill level 7 in Axes
  2233 | D:3      | 2233 ||| Stepping ~*~*~tactically~*~*~ (stealth).
  2235 | D:3      | 2235 ||| Stepping ~*~*~tactically~*~*~ (stealth).
  2239 | D:3      | 2239 ||| Stepping ~*~*~tactically~*~*~ (stealth).
  2243 | D:3      | 2243 ||| INVOKING Berserk.
  2518 | D:3      | 2518 ||| DROPPING +0 mace.
  2569 | D:3      | Found a glowing silver altar of Zin.
  2607 | D:3      | Found an opulent altar of Gozag.
  2744 | D:3      | 2744 ||| READING 3 scrolls of identify.
  2744 | D:3      | 2744 ||| IDENTIFYING viscous puce potion
  2745 | D:3      | 2745 ||| READING 2 scrolls of identify.
  2745 | D:3      | 2745 ||| IDENTIFYING fizzy ruby potion
  2746 | D:3      | 2746 ||| DROPPING potion of flight.
  3712 | D:4      | 3712 ||| READING scroll labelled ZEPANA GEIT.
  3713 | D:4      | 3713 ||| READING scroll labelled FUTOME XELUPU.
  3714 | D:4      | 3714 ||| READING scroll labelled SYIHOI CISHY.
  3763 | D:5      | Entered Level 5 of the Dungeon
  3766 | D:5      | Noticed Ijyb
  3767 | D:5      | 3767 ||| Stepping ~*~*~tactically~*~*~ (stealth).
  3771 | D:5      | Reached *** piety under Trog
  3783 | D:5      | Noticed a phantom
  3787 | D:5      | 3787 ||| INVOKING Berserk.
  3793 | D:5      | Killed Ijyb
  3794 | D:5      | Reached XP level 6. HP: 52/52 MP: 5/5
  3797 | D:5      | Reached skill level 8 in Axes
  3937 | D:5      | 3937 ||| Stepping ~*~*~tactically~*~*~ (hiding).
  3939 | D:5      | 3939 ||| Stepping ~*~*~tactically~*~*~ (hiding).
  3979 | D:5      | Noticed an ice beast
  3994 | D:5      | Killed an ice beast
  3995 | D:5      | Reached skill level 9 in Axes
  4025 | D:5      | Reached skill level 3 in Armour
  4030 | D:5      | 4030 ||| INVOKING Berserk.
  4036 | D:5      | Reached XP level 7. HP: 61/61 MP: 6/6
  4224 | D:5      | 4224 ||| INVOKING Berserk.
  4401 | D:5      | 4401 ||| Stepping ~*~*~tactically~*~*~ (hiding).
  4402 | D:5      | 4402 ||| Stepping ~*~*~tactically~*~*~ (hiding).
  4413 | D:5      | 4413 ||| INVOKING Berserk.
  4426 | D:5      | HP: 13/58 [orc warrior/+0 scimitar (13)]
  4427 | D:5      | 4427 ||| DRINKING potion of heal wounds.
  4430 | D:5      | Slain by an orc warrior

Levels and vault maps discovered:
D:1:      dpeg_arrival_prison, layout_basic, ebering_ecumenical_altar_mist,
          minmay_misc_feat_iff
D:2:      layout_basic
D:3:      layout_basic, pdpol_temple_overflow_zin_treasury_gozag_greed
D:4:      layout_loops_corners, chequers_serial_rivers_room_a
D:5:      layout_cave_pools, uniq_ijyb

Skill      XL: |  1  2  3  4  5  6 |
---------------+-------------------+-----
Axes           | 4 5 6 7 9 |  9.9
Fighting       | 4 5 |  5.2
Armour         | 3 |  3.3
Dodging        | |  2.1

Action                   |  1- 3 |  4- 6 |  7- 9 || total
-------------------------+-------+-------+-------++-------
Melee: Hand axe          |    49 |       |       ||    49
       Headbutt          |     6 |    21 |     5 ||    32
       Punch             |     1 |       |     1 ||     2
       War axe           |     9 |   126 |    31 ||   166
Throw: Boomerang         |       |     6 |       ||     6
Invok: Berserk           |     1 |     4 |     2 ||     7
  Use: Scroll            |     2 |     8 |       ||    10
       Potion            |       |       |     1 ||     1
Armor: Animal skin       |     3 |       |       ||     3
       Ring mail         |    10 |    18 |       ||    28
       Chain mail        |       |    40 |    20 ||    60
Dodge: Dodged            |    31 |    53 |    25 ||   109

Table legend:
 A = Non-vault XP
 B = Vault XP
 C = Vault XP percentage of total XP
 D = Non-vault monster count
 E = Vault monster count
 F = Vault count percentage of total count
                 A         B        C        D         E       F
            +---------+---------+-------+---------+---------+-------
      Total |    1082 |      35 |   3.1 |      94 |       2 |   2.1
            +---------+---------+-------+---------+---------+-------
        D:1 |      21 |       2 |   8.7 |      13 |       1 |   7.1
        D:2 |      92 |       0 |   0.0 |      26 |       0 |   0.0
        D:3 |     156 |       0 |   0.0 |      27 |       0 |   0.0
        D:4 |      51 |       0 |   0.0 |       8 |       0 |   0.0
        D:5 |     762 |      33 |   4.2 |      20 |       1 |   4.8
            +---------+---------+-------+---------+---------+-------
